 Dungeon Crawl Stone Soup version 0.20.0-15-g7f486f2 (webtiles) character file.

184 KleinerIrrer the Cudgeler (level 5, -4/39 HPs)
             Began as a Demonspawn Gladiator on June 28, 2017.
             Slain by a slave (5 damage)
             ... led by Pikel
             ... on level 4 of the Dungeon.
             The game lasted 00:08:00 (2977 turns).

KleinerIrrer the Cudgeler (Demonspawn Gladiator)    Turns: 2977, Time: 00:08:01

Health: -4/39      AC:  8    Str: 20    XL:     5   Next: 36%
Magic:  5/5        EV: 10    Int: 10    God:
Gold:   159        SH:  9    Dex: 14    Spells: 4/4 levels left

rFire    . . .     SeeInvis .   a - +0 flail
rCold    . . .     Gourm    .   h - +0 shield
rNeg     . . .     Faith    .   w - +0 ring mail
rPois    .         Spirit   .   c - +0 helmet
rElec    .         Reflect  .   (no cloak)
rCorr    .         Harm     .   (no gloves)
MR       .....                  e - +1 pair of boots
Stlth    ++........             (no amulet)
Regen    0.2/turn               (no ring)
MPRegen  0.1/turn               (no ring)

@: mighty
A: nightstalker 1, powered by pain 2
a: no special abilities


You were on level 4 of the Dungeon.
You were not hungry.

You visited 1 branch of the dungeon, and saw 4 of its levels.

You collected 159 gold pieces.

Inventory:

Hand Weapons
 a - a +0 flail (weapon)
Missiles
 d - 3 throwing nets (quivered)
Armour
 c - a +0 helmet (worn)
 e - a +1 pair of boots (worn)
 h - a +0 shield (worn)
 w - a +0 ring mail (worn)
Jewellery
 o - an uncursed amulet of the gourmand {unknown}
 s - a -3 ring of evasion
 v - an uncursed ring of stealth {unknown}
Scrolls
 g - a scroll of fear
 i - 2 scrolls of recharging {unknown}
 j - 3 scrolls of identify
 n - 2 scrolls of teleportation
 r - a scroll of enchant weapon {unknown}
Potions
 b - a potion of mutation {unknown}
 k - a potion of flight
 q - a potion of degeneration {unknown}
 x - a potion of brilliance
Comestibles
 f - 4 bread rations
 m - 4 fruits
 p - 4 meat rations
 t - a royal jelly
 u - 6 chunks of flesh


   Skills:
 + Level 2.5 Fighting
 + Level 3.9 Maces & Flails
 - Level 1.7 Throwing
 + Level 1.1 Armour
 + Level 3.4 Dodging
 + Level 0.4 Stealth
 + Level 2.0 Shields


You had 4 spell levels left.
You didn't know any spells.

Dungeon Overview and Level Annotations

Branches:
Dungeon (4/15)
 Temple: D:4-7

Altars:
Trog

Annotations:
D:4 Pikel


Innate Abilities, Weirdness & Mutations

You are slightly more attuned to the shadows.
You sometimes gain power by taking damage.


Message History

You are too injured to fight recklessly!
You are too injured to fight recklessly!
You are too injured to fight recklessly!
You are too injured to fight recklessly!
You are too injured to fight recklessly!
You are too injured to fight recklessly!
You are too injured to fight recklessly!
You are too injured to fight recklessly!
You are too injured to fight recklessly!
You are too injured to fight recklessly!
You are too injured to fight recklessly!
You barely miss Pikel. The slave closely misses you.
Pikel hits you but does no damage. You block the slave's attack.
The slave hits you.
* * * LOW HITPOINT WARNING * * *
You barely miss Pikel. The slave hits you but does no damage.
You block Pikel's attack. The slave hits you.
* * * LOW HITPOINT WARNING * * *
The slave hits you.
You die...

##.....# #.
#.####.# #.
#....#+### #.
#......... #.
#......... #.
###.........
#.
#...........
+....pp.....
#....@K.....
......pp.....
..............
..............
.............
.......?..###
...........


You could see Pikel and 4 slaves.

Vanquished Creatures
  A hound (D:3)
  Terence (D:3)
  A hound skeleton (D:3)
  Robin (D:4)
  An adder skeleton (D:4)
  A worm (D:3)
  3 dart slugs
  4 leopard geckos
  8 orcs
  A ball python (D:3)
  10 bats
  4 giant cockroaches
  16 goblins
  7 hobgoblins
  4 jackals (D:3)
  6 kobolds
  A ball python skeleton (D:4)
  2 frilled lizards (D:3)
  7 rats
79 creatures vanquished.

Notes
Turn   | Place    | Note
-------+----------+-------------------------------------------
     0 | D:1      | KleinerIrrer the Demonspawn Gladiator began the quest for the Orb.
     0 | D:1      | Reached XP level 1. HP: 16/16 MP: 1/1
   193 | D:1      | Gained mutation: You sometimes gain a little power by taking damage. [demonic ancestry]
   193 | D:1      | Reached XP level 2. HP: 22/22 MP: 2/2
   906 | D:2      | Gained mutation: You sometimes gain power by taking damage. [demonic ancestry]
   906 | D:2      | Reached XP level 3. HP: 9/27 MP: 3/3
  1323 | D:3      | Noticed Terence
  1337 | D:3      | Killed Terence
  1337 | D:3      | Reached XP level 4. HP: 15/33 MP: 4/4
  1345 | D:3      | Reached skill level 1 in Shields
  1350 | D:3      | HP: 1/33 [jackal (1)]
  2222 | D:3      | Found a bloodstained altar of Trog.
  2392 | D:3      | Reached skill level 1 in Armour
  2392 | D:3      | Gained mutation: You are slightly more attuned to the shadows. [demonic ancestry]
  2392 | D:3      | Reached XP level 5. HP: 11/39 MP: 5/5
  2899 | D:4      | Noticed Robin
  2907 | D:4      | Killed Robin
  2964 | D:4      | Noticed a slave
  2965 | D:4      | Noticed a slave
  2968 | D:4      | Noticed Pikel
  2970 | D:4      | Noticed a slave
  2971 | D:4      | Noticed a slave
  2977 | D:4      | HP: 1/39 [slave[Pikel] (5)]
  2977 | D:4      | Slain by a slave

Skill      XL: |  1  2  3  4  5 |
---------------+----------------+-----
Maces & Flails | 3 |  3.9
Dodging        | 3 |  3.4
Shields        | 1 2 |  2.0
Armour         | 1 |  1.1
Fighting       | |  2.5
Throwing       | |  1.7
Stealth        | |  0.4

Action                   |  1- 3 |  4- 6 || total
-------------------------+-------+-------++-------
Melee: Flail             |   129 |   167 ||   296
  Use: Scroll            |     6 |     2 ||     8
       Potion            |       |     2 ||     2
 Stab: Sleeping          |     1 |       ||     1
  Eat: Chunk             |     2 |     5 ||     7
Armor: Leather armour    |    74 |    38 ||   112
       Ring mail         |       |    60 ||    60
Dodge: Dodged            |    89 |   125 ||   214
Block: Shield            |    60 |   115 ||   175
